 Dungeon Crawl Stone Soup version 0.29-a0-2-g12fcac58f8 (webtiles) character file.

Game seed: 10101630603112760745

337502 esteth the Metallomancer (level 21, 0/134 HPs)
             Began as a Gargoyle Earth Elementalist on Jan 25, 2022.
             Was the Champion of Vehumet.
             Killed from afar by a spriggan air mage (5 damage)
             ... with a bolt of lightning
             ... on level 1 of the Depths on Jan 26, 2022.
             The game lasted 03:09:14 (56713 turns).

esteth the Metallomancer (GrEE)                    Turns: 56713, Time: 03:09:14

Health: 0/134      AC: 29    Str: 14 (15) XL:     21   Next: 91%
Magic:  7/38       EV: 13    Int: 33 (36) God:    Vehumet [******]
Gold:   2455       SH: 11    Dex:  8 (10) Spells: 11/47 levels left

rFire   . . .      SeeInvis .     - Unarmed
rCold   + . .      Faith    .   p - +2 buckler
rNeg    + . .      Spirit   .   v - +5 robe of Broken Taboos {Will+ Regen+}
rPois   ∞          Reflect  +   M - +2 hat {Will+}
rElec   +          Harm     .   (no cloak)
rCorr   .          Rampage  .   a - +0 pair of gloves
Will    ++++.      Clarity  +   n - +0 pair of boots
Stlth   ++........              k - amulet "Gigitz" {Reflect rC+ SH+5}
HPRegen 1.12/turn               W - +6 ring of intelligence
MPRegen 0.26/turn               Y - +6 ring of intelligence

@: about to teleport, flying
A: sickness immunity, AC +16, big wings, negative energy resistance 1,
electricity resistance, torment resistance 1, petrification resistance,
iridescent scales 1, clarity, strong-willed 1, robust 1
}: 2/15 runes: decaying, gossamer
a: Renounce Religion


You were on level 1 of the Depths.
You worshipped Vehumet.
Vehumet was exalted by your worship.
You visited 9 branches of the dungeon, and saw 38 of its levels.
You visited the Abyss 1 time.
You also visited: Bailey.

You collected 4598 gold pieces.
You spent 2143 gold pieces at shops.

Inventory:

Missiles
 c - 531 stones
Armour
 a - a +0 pair of gloves (worn)
 n - a +0 pair of boots (worn)
 p - a +2 buckler (worn)
 v - the +5 robe of Broken Taboos (worn) {Will+ Regen+}
   (You found it on level 5 of the Dungeon)

   Regen:     It increases your rate of health regeneration.
   Will:      It increases your willpower.
 M - a +2 hat of willpower (worn)
Magical Staves
 j - a staff of conjuration
Jewellery
 d - a ring of protection from fire
 f - a ring of see invisible
 k - the amulet "Gigitz" (around neck) {Reflect rC+ SH+5}
   (You bought it in a shop on level 12 of the Dungeon)

   [amulet of reflection]

   It reflects blocked missile attacks.
   rC:        It protects you from cold.
   SH:        It affects your SH (+5).
 o - a +6 ring of strength
 t - a ring of wizardry
 F - a ring of willpower
 U - a ring of magical power
 V - a ring of positive energy
 W - a +6 ring of intelligence (left hand)
 Y - a +6 ring of intelligence (right hand)
Wands
 g - a wand of flame (3)
 C - a wand of iceblast (3)
 I - a wand of acid (8)
 L - a wand of digging (16)
 O - a wand of polymorph (15)
 S - a wand of charming (6)
Scrolls
 b - 3 scrolls of magic mapping
 e - a scroll of enchant weapon
 h - 4 scrolls of enchant armour
 m - 7 scrolls of teleportation
 r - a scroll of brand weapon
 w - 2 scrolls of fog
 y - 6 scrolls of silence
 B - 6 scrolls of amnesia
 D - 5 scrolls of fear
 T - 2 scrolls of identify
 X - 3 scrolls of immolation
Potions
 i - 2 potions of brilliance
 l - 4 potions of mutation
 q - 7 potions of curing
 s - 4 potions of degeneration
 z - a potion of might
 G - 14 potions of lignification
 H - 3 potions of berserk rage
 J - 10 potions of ambrosia
 Q - 5 potions of flight
 R - 6 potions of cancellation


   Skills:
 - Level 10.1 Fighting
 - Level 4.0 Armour
 - Level 8.1 Dodging
 - Level 2.1 Stealth
 - Level 5.0 Shields
 - Level 17.0 Unarmed Combat
 + Level 13.6 Spellcasting
 - Level 17.6 Conjurations
 - Level 6.8 Summonings
 - Level 7.3 Transmutations
 - Level 15.5 Fire Magic
 - Level 22.0 Earth Magic


You had 11 spell levels left.
You knew the following spells:

 Your Spells              Type           Power      Damage    Failure   Level
a - Sandblast             Erth           100%       2d20      0%          1
b - Shatter               Erth           53%        3d40*     9%          9
c - Irradiate             Conj/Tmut      40%        3d27      1%          5
d - Iron Shot             Conj/Erth      50%        9d10      1%          6
e - Spellforged Servitor  Conj/Summ      40%        N/A       4%          7
f - Lehudib's Crystal Sp  Conj/Erth      50%        10d12     1%          8

Your spell library contained the following spells:

 Spells                   Type           Power      Damage    Failure   Level
 Ignition                 Fire           45%        3d13      8%          8
 Maxwell's Capacitive Co  Air            11%        ∞         100%        8
 Foxfire                  Conj/Fire      100%       2x1d9     0%          1
 Magic Dart               Conj           100%       1d8       0%          1
 Passwall                 Tmut/Erth      72%        N/A       0%          2
 Searing Ray              Conj           100%       2d8       0%          2
 Conjure Flame            Conj/Fire      93%        6-21      0%          3
 Stone Arrow              Conj/Erth      100%       3d13      0%          3
 Summon Small Mammal      Summ           100%       N/A       1%          1
 Call Imp                 Summ           61%        N/A       1%          2
 Dazzling Flash           Conj/Hex       100%       N/A       1%          3
 Ignite Poison            Fire/Tmut/Pois 64%        N/A       1%          3
 Inner Flame              Hex/Fire       65%        N/A       1%          3
 Mephitic Cloud           Conj/Pois/Air  57%        N/A       1%          3
 Animate Armour           Summ/Erth      100%       N/A       1%          4
 Flame Wave               Conj/Fire      93%        2d16      1%          4
 Iskenderun's Mystic Bla  Conj/Tloc      69%        2d14      1%          4
 Petrify                  Tmut/Erth      87%        N/A       1%          4
 Freezing Cloud           Conj/Ice/Air   28%        6-21      1%          5
 Iskenderun's Battlesphe  Conj           95%        2d14      1%          5
 Starburst                Conj/Fire      46%        6d13      1%          6
 Orb of Destruction       Conj           47%        9d12      1%          7
 Animate Skeleton         Necr           44%        N/A       2%          1
 Apportation              Tloc           44%        N/A       2%          1
 Pain                     Necr           88%        1d8       2%          1
 Slow                     Hex            88%        N/A       2%          1
 Blink                    Tloc           44%        N/A       3%          2
 Yara's Violent Unravell  Hex/Tmut       23%        3d10      4%          5
 Confusing Touch          Hex            22%        N/A       8%          3
 Gell's Gravitas          Tloc           22%        N/A       8%          3
 Lesser Beckoning         Tloc           22%        N/A       8%          3
 Teleport Other           Tloc           22%        N/A       8%          3
 Tukima's Dance           Hex            22%        N/A       8%          3
 Vampiric Draining        Necr           22%        2d7       8%          3
 Cause Fear               Hex            11%        N/A       26%         4
 Passage of Golubria      Tloc           22%        N/A       26%         4
 Fire Storm               Conj/Fire      46%        8d12      54%         9
 Agony                    Necr           22%        N/A       56%         5
 Excruciating Wounds      Necr           11%        N/A       56%         5
 Manifold Assault         Tloc           22%        N/A       56%         5
 Silence                  Hex/Air        11%        N/A       56%         5
 Dragon Form              Tmut           31%        N/A       71%         7
 Dispersal                Tloc           11%        N/A       98%         6
 Chain Lightning          Conj/Air       34%        3d46      100%        9
 Dragon's Call            Summ           30%        N/A       100%        9


Dungeon Overview and Level Annotations

Branches:
Dungeon (15/15)            Temple (1/1) D:4            Lair (6/6) D:11
  Swamp (4/4) Lair:3       Spider (4/4) Lair:2        Slime (0/5) Lair:6
    Orc (2/2) D:10            Elf (1/3) Orc:2        Vaults (4/5) D:14
  Crypt (0/3) Vaults:2     Depths (1/4) D:15         Bailey (visited)

Altars:
Ashenzari
Cheibriados
Dithmenos
Elyvilon
Fedhas
Gozag
Hepliaklqana
Kikubaaqudgha
Makhleb
Nemelex Xobeh
Okawaru
Qazlal
Ru
Sif Muna
Trog
Uskayaw
Vehumet
Wu Jian
Xom
Yredelemnul
Zin
The Shining One
Beogh
Lugonu

Shops:
D:1 =[   D:12 (!(=?   Orc:2 :**=   Elf:1 !   Vaults:4 =   Depths:1 =:=

Portals:
Hell: Depths:1
Abyss: Depths:1
Trove: Vaults:3 (give +7 ring of slaying)

Annotations:
D:3 exclusion: downstairs
D:6 1 runed translucent door, Crazy Yiuf
D:8 exclusion: downstairs
D:10 exclusion: downstairs
Lair:5 2 runed translucent doors, wineyard's ghost, journeyman DsWn
Swamp:4 Lernaean hydra


Innate Abilities, Weirdness & Mutations

You are immune to sickness and miasma.
Your stone body is resilient. (AC +16)
You are immune to poison.
Your large and strong wings let you fly.
You resist negative energy. (rN+)
You are resistant to electric shocks. (rElec)
You are resistant to unholy torment.
You are immune to petrification.
You are partially covered in iridescent scales. (AC +2)
You possess an exceptional clarity of mind.
You are strong-willed. (Will+)
You are robust. (+10% HP)


Message History

You block the red very ugly thing's attack.
You miss the spriggan air mage.
The spriggan air mage is severely wounded.
The spriggan air mage hits you but does no damage.
The brown ugly thing barely misses your spellforged servitor.
The spriggan air mage casts a spell at you.
The bolt of lightning misses you.
You closely miss the spriggan air mage.
The spriggan air mage is severely wounded.
The fire giant casts a spell at you.
The fireball explodes!
The fireball engulfs you!
The fireball engulfs the red very ugly thing.
The red very ugly thing resists.
You block the red very ugly thing's attack.
You block the spriggan air mage's attack.
The red very ugly thing basks in the mutagenic energy from its kin and changes!
The brown ugly thing barely misses your spellforged servitor.
The spriggan air mage points at you and mumbles some strange words.
The bolt of lightning hits you! You resist.
Blink to where?
Press: ? - help, Dir - move target, p - glowing orange brain
As you read the scroll of blinking, it crumbles to dust.
The spriggan air mage waves its arms in wide circles.
The air twists around and strikes you!!
* * * LOW HITPOINT WARNING * * *
As you read the scroll of teleportation, it crumbles to dust.
You feel strangely unstable.
The spriggan air mage waves its arms in wide circles.
The air twists around and strikes you!!
* * * LOW HITPOINT WARNING * * *
Okay, then.
Okay, then.
Okay, then.
As you read the scroll of fear, it crumbles to dust.
You assume a fearsome visage.
The spriggan air mage resists with almost no effort.
The spriggan air mage looks frightened!
The spriggan air mage casts a spell at you.
The bolt of lightning misses you. The bolt of lightning hits you. You resist.
You die...

#..# .## #...
#..### u.###.C.#
#....## uG.....#
#.....## #uu...#
#######......#
#.....#
.......)....##
##9....##
.#######.E.##
...#'#u......#
#Q###
###....i.§###...
##.#
##@##.....##
#÷E# #...'.i...'
#QC# ##.##...i.#
#..###
###.......
##....##
....#'#..
##......##
...##.##.
####........# ..
..
.#..........##
........§..##


You could see 2 spriggan air magi.

Vanquished Creatures
  Sojobo (Depths:1)
  Nikola (Swamp:1)
  A golden dragon (Vaults:3)
  A tentacled monstrosity (Swamp:1)
  Asterion (Depths:1)
  3 sphinxes
  2 tentacled starspawn (Depths:1)
  Kirke (D:12)
  A tengu reaver (Vaults:3)
  Gastronok (Lair:1)
  Aizul (Lair:3)
  2 fire giants (Depths:1)
  8 vault wardens
  2 ghost moths
  5 emperor scorpions
  A cacodemon (Abyss:3)
  3 ghouls (Swamp:3)
  2 very ugly things (Vaults:2)
  7 ironbound thunderhulks
  6 broodmothers
  10 ironbound preservers
  2 vampire knights (Depths:1)
  A war gargoyle (Vaults:2)
  A deep elf demonologist (Vaults:4)
  A stone giant (Depths:1)
  A juggernaut skeleton (Abyss:3)
  11 entropy weavers
  5 eleionomae
  A spark wasp (Spider:4)
  2 bunyips
  A crystal guardian (Vaults:4)
  An ettin (Orc:2)
  7 fire dragons
  A jiangshi (Depths:1)
  2 peacekeepers
  8 yaktaur captains
  3 vault guards
  3 boulder beetles
  2 ogre magi
  A jorogumo (Spider:4)
  3 catoblepae
  31 hydras
  An ice dragon (Depths:1)
  4 ironbound frosthearts
  3 ghost crabs
  14 two-headed ogres
  7 centaur warriors
  A death knight (D:13)
  15 death yaks
  4 radroaches
  A death scarab (Spider:3)
  3 dancing weapons
  4 tengu warriors
  11 alligators
  A deep troll earth mage (Depths:1)
  A spriggan berserker (Depths:1)
  A vampire mage (Depths:1)
  A thrashing horror (Abyss:3)
  5 hell knights (Depths:1)
  2 wretched stars (Abyss:3)
  A sixfirhy (Abyss:3)
  2 death drakes
  13 skeletal warriors
  An iron troll (Depths:1)
  26 deep trolls
  5 pharaoh ants
  5 spriggan druids
  3 steelbarb worms
  4 goliath frogs
  10 swamp dragons
  A deep troll (shapeshifter) (Vaults:4)
  11 orb spiders
  4 bog bodies
  9 ironbound convokers
  14 lindwurms
  2 glowing orange brains
  2 phantasmal warriors
  14 wizards
  4 deep elf archers (Elf:1)
  4 deep elf zephyrmancers (Elf:1)
  A harpy (Vaults:1)
  6 deep elf pyromancers
  3 orc knights
  3 will-o-the-wisps
  A necromancer (Depths:1)
  13 ugly things
  5 cyclopes
  3 orc sorcerers
  2 manticores (D:13)
  2 moths of wrath
  14 wolf spiders
  2 worldbinders (Abyss:3)
  12 vault sentinels
  3 nameless horrors
  9 cane toads
  5 torpor snails
  2 molten gargoyles (Lair:6)
  13 black mambas
  2 orange demons (Abyss:3)
  An apocalypse crab (Abyss:3)
  4 demonic crawlers
  9 kobold demonologists
  A rime drake (Lair:6)
  A hellion (Abyss:3)
  An unseen horror (Abyss:3)
  18 yaktaurs
  An efreet (D:14)
  3 tengu conjurers
  8 komodo dragons
  2 ancient zymes (Abyss:3)
  3 freezing wraiths (D:14)
  A troll (shapeshifter) (D:14)
  12 meliai
  A queen bee (Lair:1)
  7 trolls
  16 tarantellas
  3 polar bears
  A bloated husk (Swamp:1)
  6 tyrant leeches
  3 raiju (Abyss:3)
  12 slime creatures
  A raiju (shapeshifter) (D:12)
  10 hornets
  27 blink frogs
  A ynoxinul (Abyss:3)
  34 jumping spiders
  2 shadows
  13 spriggans
  A small abomination (Abyss:3)
  22 culicivoras
  2 large abominations (Abyss:3)
  5 basilisks
  2 wraiths
  3 hogs (D:12)
  4 water elementals
  7 wyverns
  46 yaks
  A fire elemental (Elf:1)
  28 vampire mosquitoes
  Menkaure (D:4)
  18 swamp worms
  34 redbacks
  A neqoxec (Abyss:3)
  3 steam dragons
  Edmund (D:4)
  A warg (Orc:2)
  5 hell hounds (Lair:6)
  13 water moccasins
  A meliai simulacrum (D:14)
  3 swamp drakes (Swamp:4)
  9 starcursed masses (Abyss:3)
  4 black bears
  37 orc warriors
  2 hornet zombies
  3 necrophages
  10 ogres
  An ice beast (D:5)
  45 wolves
  3 boggarts (Vaults:2)
  12 centaurs
  A phantom (D:4)
  3 kobold brigands
  3 scorpions
  6 bullfrogs
  A gnoll sergeant (D:10)
  A wyvern skeleton (D:6)
  33 killer bees
  17 wights
  2 electric eels
  6 centaur zombies
  5 lava snakes (Lair:6)
  6 hounds
  A jelly (D:6)
  13 orc priests
  2 centaur skeletons
  An iron imp (Abyss:3)
  Natasha (thrice) (D:3)
  4 iguanas
  17 orc wizards
  A mummy (D:14)
  A howler monkey zombie (D:9)
  16 gnolls
  10 adders
  A howler monkey skeleton (D:5)
  2 shadow imps
  2 white imps
  3 ufetubi
  2 adder skeletons (D:4)
  A worm (D:2)
  2 dart slugs (D:4)
  74 orcs
  2 endoplasms
  2 giant cockroaches
  22 goblins
  11 hobgoblins
  8 jackals
  3 quokkas
  7 ball pythons
  7 bats
  3 frilled lizards
  7 kobolds
  4 rats
  A butterfly (Lair:3)
  A starspawn tentacle (Depths:1)
1311 creatures vanquished.

Vanquished Creatures (collateral kills)
  Saint Roka (Vaults:3)
  Arachne (Spider:3)
  Mlioglotl (Spider:3)
  A sphinx (Vaults:4)
  A tentacled starspawn (D:15)
  An ancient champion (Vaults:2)
  A daeva (Abyss:3)
  6 vault wardens
  6 ironbound preservers
  2 very ugly things
  2 ghouls
  3 stone giants (Depths:1)
  A reaper (Abyss:3)
  5 ironbound thunderhulks
  An entropy weaver (Spider:4)
  Azrael (Spider:3)
  A dire elephant (Vaults:4)
  An ettin (Vaults:1)
  A fire dragon (Depths:1)
  A jiangshi (Depths:1)
  3 yaktaur captains
  A great orb of eyes (Depths:1)
  A peacekeeper (Vaults:4)
  5 vault guards
  An ogre mage (Vaults:4)
  3 ironbound frosthearts
  3 centaur warriors (Vaults:3)
  A boulder beetle (Vaults:2)
  A tengu warrior (Depths:1)
  3 two-headed ogres (Vaults:4)
  A deep troll earth mage (Depths:1)
  6 thrashing horrors (Abyss:3)
  A hell knight (Depths:1)
  A skeletal warrior (D:13)
  11 deep trolls
  2 orb spiders
  A flayed ghost (Vaults:2)
  4 harpies
  A necromancer (Depths:1)
  A wizard (Vaults:2)
  2 ironbound convokers
  7 lindwurms
  An orc knight (D:15)
  A wolf spider (Spider:4)
  17 ugly things
  A cyclops (D:15)
  2 worldbinders (Abyss:3)
  Maurice (D:13)
  2 smoke demons (Abyss:3)
  3 vault sentinels
  17 yaktaurs
  2 efreet
  2 ancient zymes (Abyss:3)
  A red devil (Abyss:3)
  3 tarantellas
  A troll (Vaults:3)
  6 slime creatures
  5 raiju (Abyss:3)
  2 blink frogs (Abyss:3)
  2 jumping spiders
  A culicivora (Spider:3)
  13 starcursed masses (Abyss:3)
  2 large abominations (Abyss:3)
  2 basilisks
  2 hogs (D:12)
  3 redbacks
  4 fire elementals
  A warg (Vaults:3)
  A hell hound (Spider:3)
  An orc warrior (D:15)
  A sky beast (Abyss:3)
  An ogre (Vaults:4)
  A crimson imp (Abyss:3)
  2 orcs (Vaults:3)
202 creatures vanquished.

Vanquished Creatures (others)
  A bunyip (Swamp:1)
  An alligator (Swamp:4)
  A wizard (Vaults:3)
  An orange demon (Abyss:3)
  A hornet (Swamp:1)
  A jackal (D:4)
  2 foxfires (Swamp:2)
  72 fungi
  2 lurking horrors (Abyss:3)
  76 plants
  4 starspawn tentacles
  4 toadstools (D:1)
  A withered plant (D:14)
167 creatures vanquished.

Grand Total: 1680 creatures vanquished

Notes
Turn   | Place    | Note
-------+----------+-------------------------------------------
     0 | D:1      | esteth the Gargoyle Earth Elementalist began the quest for
                  | the Orb.
     0 | D:1      | Reached XP level 1. HP: 10/10 MP: 3/3
    48 | D:1      | Found Jyat's One-of-a-Kind Rings.
   124 | D:1      | Reached skill level 4 in Earth Magic
   600 | D:1      | Reached XP level 2. HP: 15/15 MP: 5/5
   627 | D:1      | Found Sierox's Antique Armour Shop.
  1263 | D:2      | Reached XP level 3. HP: 10/19 MP: 4/6
  1398 | D:2      | Reached skill level 5 in Earth Magic
  1855 | D:2      | Reached XP level 4. HP: 5/24 MP: 3/7
  2256 | D:2      | Found a faded altar of an unknown god.
  2617 | D:3      | Reached skill level 6 in Earth Magic
  2868 | D:3      | Noticed Natasha
  2876 | D:3      | Killed Natasha
  2877 | D:3      | Reached XP level 5. HP: 28/28 MP: 8/8
  2901 | D:3      | Noticed Natasha
  2984 | D:3      | Killed Natasha
  2985 | D:3      | Reached skill level 7 in Earth Magic
  3127 | D:3      | Noticed Natasha
  3135 | D:3      | Killed Natasha
  3386 | D:4      | Noticed a black bear
  3409 | D:4      | Killed a black bear
  3410 | D:4      | Reached skill level 8 in Earth Magic
  3410 | D:4      | Reached XP level 6. HP: 10/32 MP: 3/9
  3692 | D:4      | Learned a level 3 spell: Stone Arrow
  3710 | D:4      | Reached skill level 9 in Earth Magic
  3711 | D:4      | Reached XP level 7. HP: 11/36 MP: 7/10
  3955 | D:4      | Found a staircase to the Ecumenical Temple.
  3965 | Temple   | Entered the Ecumenical Temple
  4063 | Temple   | Became a worshipper of Vehumet
  4266 | D:4      | Noticed Menkaure
  4288 | D:4      | Killed Menkaure
  4289 | D:4      | Reached skill level 10 in Earth Magic
  4289 | D:4      | Reached skill level 1 in Fighting
  4389 | D:4      | Noticed Edmund
  4884 | D:4      | Reached XP level 8. HP: 24/46 MP: 9/11
  5129 | D:4      | Killed Edmund
  5210 | D:5      | Entered Level 5 of the Dungeon
  5334 | D:5      | Reached skill level 5 in Unarmed Combat
  5463 | D:5      | Identified the +5 robe of Broken Taboos {Will+ Regen+}
  5514 | D:5      | Reached * piety under Vehumet
  5514 | D:5      | Offered knowledge of Freeze by Vehumet.
  5516 | D:5      | Reached skill level 5 in Fighting
  5897 | D:5      | Reached XP level 9. HP: 55/55 MP: 4/12
  6450 | D:6      | Found a runed translucent door.
  6451 | D:6      | Noticed Crazy Yiuf
  6492 | D:6      | Found an ancient bone altar of Kikubaaqudgha.
  6552 | D:6      | Reached skill level 10 in Unarmed Combat
  6991 | D:7      | Reached skill level 1 in Armour
  7120 | D:7      | Offered knowledge of Shock by Vehumet.
  7317 | D:7      | Reached ** piety under Vehumet
  7675 | D:8      | Reached skill level 1 in Conjurations
  7675 | D:8      | Reached XP level 10. HP: 49/60 MP: 13/13
  7841 | D:8      | Offered knowledge of Searing Ray by Vehumet.
  8251 | D:9      | Found a flagged portal.
  8272 | Bailey   | Entered a bailey
  8381 | Bailey   | Reached skill level 5 in Conjurations
  8385 | Bailey   | Reached *** piety under Vehumet
  8541 | Bailey   | Offered knowledge of Frozen Ramparts by Vehumet.
  8648 | Bailey   | Noticed an orc warlord
  8869 | D:9      | Reached **** piety under Vehumet
  9052 | D:9      | Offered knowledge of Irradiate by Vehumet.
  9069 | D:9      | Learned a level 5 spell: Irradiate
  9215 | D:9      | Gained mutation: You possess an exceptional clarity of
                  | mind. [potion of mutation]
  9215 | D:9      | Gained mutation: You are partially covered in iridescent
                  | scales. (AC +2) [potion of mutation]
  9215 | D:9      | Gained mutation: You are robust. (+10% HP) [potion of
                  | mutation]
  9215 | D:9      | Gained mutation: You are strong-willed. (Will+) [potion of
                  | mutation]
  9381 | D:9      | Reached skill level 1 in Transmutations
  9591 | D:9      | Noticed a two-headed ogre
  9606 | D:9      | Killed a two-headed ogre
  9607 | D:9      | Reached XP level 11. HP: 70/70 MP: 11/14
  9770 | D:10     | Entered Level 10 of the Dungeon
  9917 | D:10     | Found a staircase to the Orcish Mines.
 10361 | D:11     | Noticed a skeletal warrior
 10361 | D:11     | Noticed a cyclops
 10363 | D:11     | Noticed a skeletal warrior
 10423 | D:11     | Noticed a two-headed ogre
 10429 | D:11     | Killed a two-headed ogre
 10500 | D:11     | Killed a cyclops
 10593 | D:11     | Reached ***** piety under Vehumet
 10624 | D:11     | Offered knowledge of Fulminant Prism by Vehumet.
 10625 | D:11     | Reached skill level 5 in Transmutations
 10642 | D:11     | Noticed a skeletal warrior
 10665 | D:11     | Killed a skeletal warrior
 10701 | D:11     | Noticed a skeletal warrior
 10732 | D:11     | Killed a skeletal warrior
 10778 | D:11     | Noticed a skeletal warrior
 10859 | D:11     | Found a staircase to the Lair.
 10868 | Lair:1   | Entered Level 1 of the Lair of Beasts
 10955 | Lair:1   | Reached XP level 12. HP: 44/77 MP: 15/15
 10992 | Lair:1   | Reached skill level 15 in Unarmed Combat
 11276 | Lair:1   | Noticed a six-headed hydra
 11363 | Lair:1   | Killed a six-headed hydra
 11363 | Lair:1   | Offered knowledge of Hailstorm by Vehumet.
 11593 | Lair:1   | Noticed Gastronok
 11717 | Lair:1   | Killed Gastronok
 11961 | Lair:2   | HP: 3/77 [cane toad (3)]
 12143 | Lair:1   | Reached XP level 13. HP: 61/83 MP: 18/18
 12269 | Lair:2   | Found a hole to the Spider Nest.
 12782 | Lair:3   | Reached skill level 5 in Spellcasting
 13558 | Lair:3   | Found a staircase to the Swamp.
 13819 | Lair:3   | Offered knowledge of Conjure Ball Lightning by Vehumet.
 14046 | Lair:4   | Reached skill level 10 in Fighting
 14583 | Lair:4   | Reached skill level 5 in Dodging
 14678 | Lair:5   | Gained mutation: Your large and strong wings let you fly.
                  | [Gargoyle growth]
 14678 | Lair:5   | Reached XP level 14. HP: 82/96 MP: 24/24
 14781 | Lair:5   | Reached skill level 10 in Conjurations
 14836 | Lair:5   | Found a large runed translucent door.
 14837 | Lair:5   | Found a large runed translucent door.
 14839 | Lair:5   | Noticed wineyard's ghost (journeyman DsWn)
 14918 | Lair:5   | Found a gate leading to a gauntlet.
 15434 | Lair:6   | Entered Level 6 of the Lair of Beasts
 15730 | Lair:6   | Found a staircase to the Slime Pits.
 15892 | Lair:6   | Identified the +8 hand axe "Vazurph" {freeze, *Corrode
                  | Str+4 Dex+9}
 16047 | Lair:6   | Found a large runed translucent door.
 16047 | Lair:6   | Found a large runed translucent door.
 16098 | Lair:6   | Offered knowledge of Iron Shot by Vehumet.
 16124 | Lair:6   | Learned a level 6 spell: Iron Shot
 17044 | D:11     | Reached skill level 11 in Earth Magic
 17044 | D:11     | Reached XP level 15. HP: 100/101 MP: 6/25
 17511 | D:11     | Reached skill level 12 in Earth Magic
 17747 | Orc:1    | Entered Level 1 of the Orcish Mines
 17937 | Orc:2    | Entered Level 2 of the Orcish Mines
 18320 | Orc:2    | Reached skill level 13 in Earth Magic
 18835 | Orc:2    | Found a staircase to the Elven Halls.
 18973 | Orc:2    | Found Bychol's Assorted Antiques.
 18973 | Orc:2    | Found Kegoec's Assorted Antiques.
 18973 | Orc:2    | Found Ixeptej's Jewellery Boutique.
 18976 | Orc:2    | Found Jorox's Book Shoppe.
 18988 | Orc:2    | Bought a book of the Dragon for 644 gold pieces
 18996 | Orc:2    | Learned a level 7 spell: Dragon Form
 19136 | Elf:1    | Entered Level 1 of the Elven Halls
 19383 | Elf:1    | Found Foogoow's Distillery.
 19435 | Elf:1    | Bought a potion of heal wounds for 70 gold pieces
 19435 | Elf:1    | Bought a potion of heal wounds for 70 gold pieces
 19435 | Elf:1    | Bought a potion of resistance for 140 gold pieces
 19527 | Elf:1    | Offered knowledge of Freezing Cloud by Vehumet.
 20032 | Orc:2    | Bought a ring of see invisible for 195 gold pieces
 20404 | Swamp:1  | Entered Level 1 of the Swamp
 20554 | Swamp:1  | Noticed Aizul
 20738 | Lair:3   | Killed Aizul
 20850 | Swamp:1  | Noticed a tentacled monstrosity
 20863 | Swamp:1  | Killed a tentacled monstrosity
 21014 | Swamp:1  | Noticed Nikola
 21028 | Swamp:1  | Killed Nikola
 21497 | Swamp:1  | Reached XP level 16. HP: 106/106 MP: 14/29
 22039 | Swamp:2  | Reached skill level 14 in Earth Magic
 23654 | Swamp:2  | Reached ****** piety under Vehumet
 23771 | Swamp:3  | Learned a level 8 spell: Lehudib's Crystal Spear
 23838 | Swamp:3  | Reached skill level 15 in Earth Magic
 23973 | Swamp:3  | Offered knowledge of Lightning Bolt by Vehumet.
 24859 | Swamp:4  | Entered Level 4 of the Swamp
 25293 | Swamp:4  | Identified a scroll of acquirement
 25687 | Swamp:4  | Reached skill level 16 in Earth Magic
 26825 | Swamp:4  | Reached skill level 15 in Conjurations
 26922 | Swamp:4  | Reached XP level 17. HP: 96/112 MP: 30/30
 26936 | Swamp:4  | Noticed the 27-headed Lernaean hydra
 27159 | Spider:1 | Entered Level 1 of the Spider Nest
 27898 | Spider:1 | Offered knowledge of Spellforged Servitor by Vehumet.
 27907 | Spider:1 | Learned a level 7 spell: Spellforged Servitor
 27979 | Spider:1 | Reached skill level 1 in Summonings
 29518 | Spider:2 | Reached skill level 5 in Summonings
 30870 | Spider:3 | Reached skill level 17 in Earth Magic
 31375 | Spider:3 | Noticed Mlioglotl
 31378 | Spider:3 | Killed Mlioglotl
 31571 | Spider:3 | Noticed Arachne
 31577 | Spider:3 | Killed Arachne
 32224 | Spider:3 | Noticed Azrael
 32230 | Spider:3 | Killed Azrael
 32709 | Spider:4 | Entered Level 4 of the Spider Nest
 32919 | D:12     | Noticed Kirke
 32933 | D:12     | Killed Kirke
 33048 | D:12     | Found Koluisiq's Magic Scroll Shop.
 33182 | D:12     | Bought a scroll of fear for 42 gold pieces
 33182 | D:12     | Bought a scroll of blinking for 90 gold pieces
 33182 | D:12     | Bought a scroll of blinking for 90 gold pieces
 33182 | D:12     | Bought a scroll of teleportation for 36 gold pieces
 33220 | D:12     | Offered knowledge of Shatter by Vehumet.
 33220 | D:12     | Offered knowledge of Ignition by Vehumet.
 33220 | D:12     | Offered knowledge of Maxwell's Capacitive Coupling by
                  | Vehumet.
 33345 | D:12     | Found Teowedwucoc's Antique Weapon Shop.
 33352 | D:12     | Found Vawitybb's Distillery.
 33360 | D:12     | Bought a potion of haste for 150 gold pieces
 33373 | D:12     | Found Rirec's Antique Weapon Shop.
 33576 | D:12     | You are sucked into a shaft and drop 1 floor!
 33596 | D:13     | Noticed Maurice
 33612 | D:13     | Killed Maurice
 33622 | D:13     | Reached skill level 18 in Earth Magic
 33622 | D:13     | Reached XP level 18. HP: 92/117 MP: 9/31
 33929 | D:12     | Found Nahit's Jewellery Boutique.
 33938 | D:12     | Bought the amulet "Gigitz" {Reflect rC+ SH+5} for 616 gold
                  | pieces
 34157 | D:13     | Reached skill level 10 in Spellcasting
 34263 | D:13     | Learned a level 9 spell: Shatter
 35203 | D:13     | Found a sparkling altar of Nemelex Xobeh.
 35431 | D:14     | Reached skill level 19 in Earth Magic
 36006 | D:14     | Acquired the Incunabulum of Battle Magic
 36008 | D:14     | Acquired 947 gold pieces
 36009 | D:14     | Acquired a staff of conjuration
 36105 | D:14     | Found a gate to the Vaults.
 36249 | D:14     | Reached skill level 1 in Shields
 36788 | D:15     | Entered Level 15 of the Dungeon
 37300 | D:15     | Found a staircase to the Depths.
 38485 | Swamp:4  | Got a decaying rune of Zot
 39135 | Spider:4 | Reached skill level 5 in Shields
 39138 | Spider:4 | Reached skill level 20 in Earth Magic
 39680 | Spider:4 | Identified the +2 robe "Hero's Friend" {Str+3 Slay+2
                  | Stlth+}
 40459 | Spider:4 | HP: 1/117 [meliai/divine providence (8)]
 40642 | Spider:4 | Reached XP level 19. HP: 113/123 MP: 5/33
 41780 | Spider:4 | Got a gossamer rune of Zot
 41897 | Spider:4 | Upgraded the game from 0.28-a0-1638-g9123634e07 to
                  | 0.29-a0-2-g12fcac58f8
 42100 | Vaults:1 | Entered Level 1 of the Vaults
 42303 | Vaults:1 | Reached skill level 21 in Earth Magic
 43505 | Vaults:1 | Identified the +12 long sword "Myumm" {venom, Drain rElec
                  | Str+3 Dex+2}
 44617 | Vaults:1 | Reached skill level 22 in Earth Magic
 44628 | Vaults:1 | Reached skill level 1 in Fire Magic
 45476 | Vaults:2 | Reached skill level 5 in Fire Magic
 46478 | Vaults:2 | Reached XP level 20. HP: 128/128 MP: 11/36
 46624 | Vaults:2 | Found a staircase to the Crypt.
 48124 | Vaults:3 | Reached skill level 10 in Fire Magic
 49362 | Vaults:3 | Noticed Saint Roka
 49524 | Vaults:3 | Found a portal to a secret trove of treasure.
 50160 | Vaults:3 | Identified the +4 scale mail "Zoess" {rPois rC+}
 50380 | Vaults:3 | Noticed a golden dragon
 50528 | Vaults:3 | Killed a golden dragon
 50902 | Vaults:3 | Killed Saint Roka
 52023 | Vaults:3 | Reached XP level 21. HP: 55/134 MP: 27/37
 53061 | Vaults:4 | Reached skill level 15 in Fire Magic
 53688 | Vaults:4 | Found Salatzy's Jewellery Shoppe.
 54085 | Depths:1 | Entered Level 1 of the Depths
 54085 | Depths:1 | Noticed Asterion
 54088 | Depths:1 | Killed Asterion
 54347 | Depths:1 | Noticed Sojobo
 54408 | Depths:1 | Cast into level 3 of the Abyss (tengu reaver)
 54522 | Abyss:3  | Paralysed by accursed screaming for 1 turns
 54938 | Abyss:3  | Paralysed by accursed screaming for 1 turns
 55036 | Abyss:3  | Paralysed by accursed screaming for 1 turns
 55047 | Depths:1 | Escaped the Abyss
 55266 | Depths:1 | Paralysed by an air elemental for 1 turns
 55827 | Depths:1 | Found a gateway to Hell.
 55851 | Depths:1 | Paralysed by an air elemental for 1 turns
 55856 | Depths:1 | Found a one-way gate to the infinite horrors of the Abyss.
 55856 | Depths:1 | Found a corrupted altar of Lugonu.
 56514 | Depths:1 | Paralysed by an air elemental for 1 turns
 56520 | Depths:1 | Paralysed by an air elemental for 1 turns
 56524 | Depths:1 | Paralysed by an air elemental for 1 turns
 56552 | Depths:1 | Found Neskual's Jewellery Shop.
 56552 | Depths:1 | Found Moison's Book Emporium.
 56553 | Depths:1 | Found Keushozo's Jewellery Shop.
 56688 | Depths:1 | Killed Sojobo
 56712 | Depths:1 | HP: 3/134 [spriggan air mage/the air (23)]
 56713 | Depths:1 | Killed from afar by a spriggan air mage

Illustrated notes

Levels and vault maps discovered:
D:1:      ldierk_walled_garden_2, layout_basic, serial_shops,
          nicolae_shop_behind_doors, hangedman_abyss_or_decor_stabs,
          nicolae_shop_unique_rings, serial_bayou_crossing
D:2:      layout_loops_ring, basic_ecumenical_altar, minmay_stone_trees_large
D:3:      layout_loops_ring, uniq_natasha
D:4:      layout_cave_pods, lemuel_temple_firewalk_b, minmay_manual_mares,
          uniq_menkaure, uniq_edmund
D:5:      layout_basic
D:6:      layout_basic, mainiacjoe_overflow_surrounded_room, kennysheep_nub,
          uniq_crazy_yiuf_cottage
D:7:      layout_basic, kennysheep_cross_bottleneck
D:8:      layout_basic
D:9:      layout_long_grid, enter_bailey_5
D:10:     layout_rooms, minmay_orc_entry_temple_small, fungi_pond_lemuel,
          solitary_fountain
D:11:     layout_cave_pools, due_lair_maze_entry_diamond
D:12:     layout_rooms, serial_shops, nicolae_diamond_shop,
          nicolae_lakefront_shop, shop, shop, nicolae_shop_overgrown_old_shop,
          serial_aquarium, aquarium_bridge_square [aquarium_subvault_wall,
          aquarium_subvault_window, aquarium_subvault_wall,
          aquarium_subvault_bridge], aquarium_bridge_straight
          [aquarium_subvault_bridge, aquarium_subvault_wall,
          aquarium_subvault_bridge, aquarium_subvault_wall],
          aquarium_window_fake, aquarium_window_1, aquarium_window_fake,
          aquarium_window_corner, aquarium_view_2a, aquarium_balcony_3a,
          uniq_kirke
D:13:     minmay_bloctagon, layout_loops_cross, nemelex_diamond_rough_becter,
          uniq_maurice
D:14:     layout_gridville, david_vaults_5, serial_undead, serial_undead_d,
          serial_undead_d, serial_undead_c, serial_undead_e,
          portal_ice_cave_entry_frozen_things
D:15:     grunt_enter_depths_hoard, layout_basic
Temple:   kilobyte_greek_temple
Lair:1:   layout_regular_city, grunt_forest_large_clearings, uniq_gastronok
Lair:2:   layout_hall_layers, spider_nest_entry_a, special_room
          [special_room_bee], lemuel_fruit_fields
Lair:3:   layout_regular_city, palyth_hydra_swamp_entry, serial_bayou_shore_a
Lair:4:   layout_big_grid, lemuel_fruit_tree
Lair:5:   layout_misc_corridors, ebering_ghost_disaster_area,
          gauntlet_entry_generic, grunt_megastairs_3
Lair:6:   cheibrodos_lair_end_hotspot, layout_long_grid, slime_dummy
Swamp:1:  nicolae_swamp_tree_isthmus, layout_basic_swamp,
          hangedman_swamp_ruin_wall, infiniplex_staircase_pool_2, uniq_nikola,
          uniq_aizul
Swamp:2:  layout_falls_marsh, nicolae_swamp_very_dense_foliage
Swamp:3:  layout_basic_swamp, evilmike_swamp_ruin_house_6, swamp_pool2
Swamp:4:  swamp_old_school, layout_basic_swamp, swamp_pool2,
          nicolae_swamp_catching_bugs, infiniplex_staircase_pool
Spider:1: layout_spider_delve
Spider:2: layout_spider_delve
Spider:3: nicolae_spider_mines_2, uniq_mlioglotl, uniq_azrael, uniq_arachne
Spider:4: hellmonk_spider_rune_endless_swarm
Orc:1:    layout_caves, basic_altar, mines2_david
Orc:2:    st_orc_rangers, layout_diamond_mine
Elf:1:    elf_arrival_001, layout_gridlike, minmay_elf_demonology,
          minmay_shop_star
Vaults:1: v_rooms_6, vaults_dpeg_cross, ontoclasm_vaults_spin,
          ontoclasm_vaults_shuriken, nicolae_vaults_alarming,
          nicolae_vaults_circle_grid_a, v_misc_15, st_lines,
          vaults_room_ringed_pool, ontoclasm_vaults_claustrophobia,
          nicolae_vaults_three_branches, vaults_room_pools,
          hangedman_vaults_stagger, vaults_room_semicircle,
          grunt_vaults_hallway_short, nicolae_vaults_sealed_display,
          hangedman_vaults_stretched_pinwheel, vaults_dpeg_hooks,
          layout_vaults_big_cross
Vaults:2: v_misc_25, ontoclasm_vaults_tryst, ontoclasm_vaults_loading_screen,
          vaults_mumra_minichess, nicolae_vaults_network_square,
          vaults_standard_mumra_lines, ontoclasm_vaults_idyll,
          minmay_crypt_entry_simple_round, vaults_dpeg_doors, v_misc_29,
          hangedman_vaults_corner_blocks, ontoclasm_vaults_twist,
          nicolae_vaults_specimen_jars, nicolae_vaults_mini_display_case,
          grunt_vaults_hallway_short, nicolae_vaults_rhombus_6,
          layout_vaults_ring, serial_shops
Vaults:3: v_misc_29, nicolae_vaults_bisected_slash, ontoclasm_vaults_gallery,
          v_misc_17, vaults_room_grid, v_misc_12,
          nicolae_vaults_border_crossing, nicolae_vaults_what_the_h,
          v_alt_pattern_2, vaults_standard_mumra_enter_the_diamond,
          vaults_room_pool, layout_vaults_omnigrid, enter_trove_0,
          uniq_saint_roka
Vaults:4: nicolae_vaults_ninety_degrees, st_squares, vaults_room_pool,
          ontoclasm_vaults_hangar, v_misc_27, nicolae_vaults_circle_grid_a,
          grunt_vaults_focal, vaults_room_hallway, nicolae_vaults_rhombus_6,
          vaults_mumra_hex, v_misc_23, vaults_mumra_lcd, v_misc_3, v_pattern_1,
          layout_vaults_maze, serial_shops,
          nicolae_shop_temple_entry_statues_fountains
Depths:1: minmay_connected_boxes_in_corner, layout_cave_pools, hell_entry,
          nicolae_vehumet_radiance, hellmonk_guarded_unrand_rift,
          minmay_shop_grove, uniq_sojobo, uniq_asterion

Skill      XL: |  1  2  3  4  5  6  7  8  9 10 11 12 13 14 15 16 17 18 19 20 21 |
---------------+----------------------------------------------------------------+-----
Earth Magic    | 4 5 6 8 9 10 11 13 16 18 20 22 | 22.0
Fighting       | 3 6 7 10 | 10.1
Unarmed Combat | 4 8 11 14 17 | 17.0
Armour         | 4 |  4.0
Dodging        | 4 5 8 |  8.1
Conjurations   | 1 8 9 12 15 16 17 | 17.6
Transmutations | 2 5 7 |  7.3
Spellcasting   | 3 7 9 10 12 13 | 13.6
Summonings     | 6 |  6.8
Shields        | 5 |  5.0
Fire Magic     | 7 14 15 | 15.5
Stealth        | |  2.1

Action                   |  1- 3 |  4- 6 |  7- 9 | 10-12 | 13-15 | 16-18 | 19-21 || total
-------------------------+-------+-------+-------+-------+-------+-------+-------++-------
Melee: Club              |   108 |    26 |       |       |       |       |       ||   134
       Unarmed           |    10 |       |   147 |   962 |  1284 |   871 |   641 ||  3915
       Whip              |       |   105 |   135 |       |       |       |       ||   240
       Punch             |       |     2 |    12 |    68 |   137 |    73 |       ||   292
 Cast: Sandblast         |    12 |    16 |    55 |   104 |    88 |   177 |    52 ||   504
       Stone Arrow       |       |       |       |     1 |       |       |       ||     1
       Irradiate         |       |       |       |     4 |       |       |       ||     4
       Iron Shot         |       |       |       |       |    94 |   300 |   263 ||   657
       Lehudib's Crystal |       |       |       |       |       |    78 |   108 ||   186
       Spellforged Servi |       |       |       |       |       |    14 |    83 ||    97
       Shatter           |       |       |       |       |       |     1 |    12 ||    13
  Use: Scroll            |       |       |     2 |     7 |     4 |    16 |    30 ||    59
       Potion            |       |       |       |     6 |     9 |     2 |    17 ||    34
 Stab: Sleeping          |     3 |     1 |     3 |     1 |     1 |     2 |       ||    11
       Petrified         |       |       |       |       |     1 |       |       ||     1
       Invisible         |       |       |       |       |     1 |       |     2 ||     3
       Distracted        |       |       |       |       |       |     1 |     5 ||     6
Armor: Leather armour    |    66 |    88 |    74 |       |       |       |       ||   228
       Robe              |     4 |       |   100 |   853 |   851 |   801 |   504 ||  3113
       Skin              |       |       |       |       |       |       |    12 ||    12
Dodge: Dodged            |   114 |   131 |   171 |  1026 |   959 |   795 |   525 ||  3721
Block: Buckler           |       |       |       |       |       |   141 |   589 ||   730
       Other             |       |       |       |       |       |    62 |       ||    62
       Reflection        |       |       |       |       |       |     4 |    60 ||    64

Table legend: (Time is in decaauts)
 A = Elapsed time spent in this place.
 B = Non-inter-level travel time spent in this place.
 C = Inter-level travel time spent in this place.
 D = Time resting spent in this place.
 E = Time spent auto-exploring this place.
 F = Levels seen in this place.
 G = Mean time per level.
                   A        B        C        D        E       F      G
               +--------+--------+--------+--------+--------+-----+--------+
         Total |  55727 |  53121 |   2606 |  16356 |  25188 |  40 | 1393.2 |
       Dungeon |  17061 |  16155 |    906 |   3038 |   9821 |  15 | 1137.4 |
        Temple |    239 |    202 |     37 |      0 |    195 |   1 |  239.0 |
          Lair |   6548 |   5801 |    747 |    258 |   3814 |   6 | 1091.3 |
         Swamp |   6955 |   6729 |    226 |   3049 |   2302 |   4 | 1738.8 |
   Spider Nest |   8780 |   8604 |    176 |   4299 |   2920 |   4 | 2195.0 |
  Orcish Mines |   1594 |   1382 |    212 |    178 |    698 |   2 |  797.0 |
   Elven Halls |    803 |    801 |      2 |     23 |    475 |   1 |  803.0 |
        Vaults |  11408 |  11111 |    297 |   4476 |   4654 |   4 | 2852.0 |
        Depths |   1357 |   1357 |      0 |    859 |     68 |   1 | 1357.0 |
         Abyss |    604 |    604 |      0 |    174 |     97 |   1 |  604.0 |
        Bailey |    373 |    373 |      0 |      0 |    144 |   1 |  373.0 |
               +--------+--------+--------+--------+--------+-----+--------+

Top non-repeatable levels by time:
Vaults:3: 3571 daAuts
Spider:4: 3038 daAuts
Vaults:1: 3019 daAuts
Vaults:2: 2535 daAuts
Spider:3: 2534 daAuts
 Swamp:4: 2349 daAuts
Vaults:4: 2281 daAuts
Spider:2: 1894 daAuts
 Swamp:2: 1815 daAuts
    D:14: 1783 daAuts
    D:15: 1772 daAuts
     D:4: 1591 daAuts
  Lair:3: 1551 daAuts
 Swamp:3: 1498 daAuts
    D:13: 1459 daAuts
